 Dungeon Crawl Stone Soup version 0.21-a0-442-g848f44b (webtiles) character file.

66 tilp the Magician (level 3, -2/19 HPs)
             Began as a Deep Elf Fire Elementalist on Nov 14, 2017.
             Slain by an orc
             ... wielding a +0 mace
              (6 damage)
             ... on level 1 of the Dungeon.
             The game lasted 00:07:18 (1779 turns).

tilp the Magician (Deep Elf Fire Elementalist)      Turns: 1779, Time: 00:07:19

Health: -2/19      AC:  2    Str:  5    XL:     3   Next: 96%
Magic:  6/10       EV: 13    Int: 20    God:
Gold:   55         SH:  0    Dex: 15    Spells: 4/10 levels left

rFire    . . .     SeeInvis .   a - +0 dagger
rCold    . . .     Gourm    .   (no shield)
rNeg     . . .     Faith    .   e - +0 robe
rPois    .         Spirit   .   (no helmet)
rElec    .         Reflect  .   (no cloak)
rCorr    .         Harm     .   (no gloves)
MR       .....                  (no boots)
Stlth    ++........             (no amulet)
HPRegen  0.06/turn              (no ring)
MPRegen  0.12/turn              (no ring)

@: no status effects
A: no striking features
a: no special abilities


You were on level 1 of the Dungeon.
You were not hungry.

You visited 1 branch of the dungeon, and saw 2 of its levels.

You collected 55 gold pieces.

Inventory:

Hand Weapons
 a - a +0 dagger (weapon)
 o - a +0 hunting sling
Missiles
 f - 68 stones (quivered)
 j - 15 arrows
 r - 15 sling bullets
Armour
 e - a +0 robe (worn)
Jewellery
 i - an uncursed ring of stealth {unknown}
Scrolls
 d - 2 scrolls of recharging {unknown}
 g - a scroll of enchant armour {unknown}
 h - a scroll of random uselessness {unknown}
 l - a scroll of identify {unknown}
 m - a scroll of enchant weapon {unknown}
 q - a scroll of fear {unknown}
Potions
 n - a potion of berserk rage {unknown}
Books
 b - a book of Flames

   Spells                             Type                      Level
   a - Flame Tongue                   Conjuration/Fire             1
   b - Throw Flame                    Conjuration/Fire             2
   c - Conjure Flame                  Conjuration/Fire             3
   d - Inner Flame                    Hexes/Fire                   3
   e - Sticky Flame                   Conjuration/Fire             4
   f - Fireball                       Conjuration/Fire             5
Comestibles
 c - a bread ration
 k - 2 fruits
 p - 2 chunks of flesh
 s - a royal jelly


   Skills:
 - Level 2.4 Dodging
 - Level 2.4 Stealth
 + Level 4.2 Spellcasting
 + Level 2.5 Conjurations
 + Level 4.0 Fire Magic


You had 4 spell levels left.
You knew the following spells:

 Your Spells              Type           Power        Failure   Level  Hunger
a - Flame Tongue          Conj/Fire      ###..        3%          1    None
b - Throw Flame           Conj/Fire      ###...       4%          2    #......
c - Conjure Flame         Conj/Fire      ###.....     10%         3    ###....


Dungeon Overview and Level Annotations

Branches:
Dungeon (2/15)

Altars:
Makhleb


Message History

The orc shouts!
Found a scroll labeled ZUOMMI HIAMIB.
There is a stone staircase leading up here.
The orc hits you with a mace!
The kobold drinks a potion.
The kobold flickers and vanishes!
Deactivating autopickup; reactivate with Ctrl-A.
The orc hits you with a trident.
* * * LOW HITPOINT WARNING * * *
You climb upwards.
There is a stone staircase leading down here.
Sorry, you're not good enough to have a special ability.
Casting: Conjure Flame
Confirm with . or Enter, or press ? or * to list all spells.
Aiming: Flame Tongue
Press: ? - help, Shift-Dir - straight line, f - orc
Aim: an orc, wielding a mace The flame tongue hits the orc.
The orc is lightly wounded.
The orc hits you with a mace.
You die...

........# ........#
...#....### ###########
###.......## #.........#
#.....#..# #.........#
###.######.# #.........#
.##.######.###.........#
...........)...........#
##.#######.###..@o.....#
##.# #..##.o.......#
...# ##.##.........#
..## #.##........># #.#
#.##.........# #.####
#..##.######## #....#
##....# ####.# ##....###
#.# ###..##>..#


You could see 2 orcs.

Vanquished Creatures
  3 adders (D:2)
  A dart slug (D:1)
  A leopard gecko (D:2)
  A ball python (D:1)
  3 giant cockroaches
  6 goblins
  3 hobgoblins
  3 jackals (D:2)
  5 kobolds
  2 bats
  2 frilled lizards
  5 rats (D:1)
35 creatures vanquished.

Notes
Turn   | Place    | Note
-------+----------+-------------------------------------------
     0 | D:1      | tilp the Deep Elf Fire Elementalist began the quest for the Orb.
     0 | D:1      | Reached XP level 1. HP: 10/10 MP: 6/6
   317 | D:1      | Reached XP level 2. HP: 15/15 MP: 2/8
   517 | D:1      | Learned a level 2 spell: Throw Flame
   750 | D:1      | You fall through a shaft!
   755 | D:2      | Reached XP level 3. HP: 18/19 MP: 2/10
  1224 | D:2      | Learned a level 3 spell: Conjure Flame
  1287 | D:2      | Found a burning altar of Makhleb.
  1779 | D:1      | Slain by an orc

Vault maps used:
D:1:      dpeg_arrival_short_road
D:2:      lemuel_crystal_altar, first_bread

Skill      XL: |  1  2  3 |
---------------+----------+-----
Conjurations   | 2 |  2.5
Spellcasting   | 4 |  4.2
Fire Magic     | 4 |  4.0
Dodging        | |  2.4
Stealth        | |  2.4

Action                   || total
-------------------------++-------
 Cast: Flame Tongue      ||    52
       Throw Flame       ||    13
  Eat: Chunk             ||     3
Armor: Robe              ||     1
Dodge: Dodged            ||     6

Table legend:
 A = Spawn XP
 B = Non-spawn XP
 C = Spawn XP percentage of total XP
 D = Spawn monster count
 E = Non-spawn monster count
 F = Spawn count percentage of total count
 G = Total turns spent on level
                    A         B        C        D         E        F      G
               +---------+---------+-------+---------+---------+-------+---------
         Total |       0 |      95 |   0.0 |       0 |      35 |   0.0 |  1779
               +---------+---------+-------+---------+---------+-------+---------
           D:1 |       0 |      31 |   0.0 |       0 |      19 |   0.0 |  1021
           D:2 |       0 |      64 |   0.0 |       0 |      16 |   0.0 |   758
               +---------+---------+-------+---------+---------+-------+---------
